 Dungeon Crawl Stone Soup version 0.31-a0-705-ga145531891 (webtiles) character file.

Game seed: 6717685103534924209

3143 randomguy2701 the Cleaver (level 9, -14/79 HPs)
             Began as a Hill Orc Fighter on Sept 9, 2023.
             Was a Believer of Beogh.
             Demolished by a two-headed ogre
             ... wielding a +0 giant club
              (28 damage)
             ... on level 8 of the Dungeon.
             The game lasted 00:09:16 (8585 turns).

randomguy2701 the Cleaver (Hill Orc Fighter)        Turns: 8585, Time: 00:09:16

Health: -14/79     AC: 12    Str: 21    XL:     9   Next: 93%
Magic:  9/9        EV: 20    Int:  8    God:    Beogh [**....]
Gold:   307        SH:  0    Dex: 18    Spells: 8/8 levels left

rFire   . . .        a - melded +0 war axe
rCold   . . .        c - melded +0 buckler
rNeg    + + +        b - melded +0 scale mail
rPois   +            (helmet currently unavailable)
rElec   .            (cloak currently unavailable)
rCorr   .            x - melded +1 pair of gloves
SInv    .            (boots currently unavailable)
Will    .....        (no amulet)
Stlth   ++           g - +4 ring of slaying
HPRegen 0.33/turn    t - +6 ring of dexterity
MPRegen 0.11/turn

%: no passive effects
@: fungus-form (expiring)
A: melee confuse, terrified, no casting, tiny
a: Renounce Religion, Smiting


You were on level 8 of the Dungeon.
You worshipped Beogh.
Beogh was pleased with you.
You were a sentient fungus.
You visited 1 branch of the dungeon, and saw 8 of its levels.

You collected 307 gold pieces.

Inventory:

Hand Weapons
 a - a +0 war axe (melded)
Armour
 b - a +0 scale mail (melded)
 c - a +0 buckler (melded)
 x - a +1 pair of gloves (melded)
Jewellery
 g - a +4 ring of slaying (left hypha)
 i - a ring of wizardry
 t - a +6 ring of dexterity (right hypha)
Wands
 d - a wand of quicksilver (11)
 y - a wand of mindburst (9)
 A - a wand of roots (6)
 F - a wand of flame (26)
Scrolls
 h - 8 scrolls of identify {unknown}
 k - 3 scrolls of teleportation
 l - a scroll of enchant weapon {unknown}
 m - 2 scrolls of enchant armour {unknown}
 n - 3 scrolls of noise {unknown}
 p - 3 scrolls of poison {unknown}
 q - a scroll of revelation {unknown}
 s - a scroll of fog {unknown}
 u - 2 scrolls of fear {unknown}
 w - 4 scrolls of vulnerability {unknown}
 B - 2 scrolls of brand weapon {unknown}
 C - a scroll of blinking {unknown}
 E - a scroll of silence {unknown}
 G - a scroll of amnesia {unknown}
Potions
 e - 4 potions of degeneration
 f - 3 potions of curing
 j - 2 potions of ambrosia
 o - 4 potions of invisibility {unknown}
 r - a potion of cancellation {unknown}
 v - a potion of berserk rage {unknown}
 z - 2 potions of mutation {unknown}
 D - a potion of haste {unknown}


   Skills:
 + Level 7.3 Fighting
 + Level 12.2 Axes
 + Level 7.9 Armour
 + Level 2.7 Dodging
 + Level 1.3 Stealth
 + Level 4.8 Shields


You had 8 spell levels left.
You didn't know any spells.
Your spell library contained the following spells:

 Spells                   Type           Power      Damage    Failure   Level
 Gell's Gravitas          Tloc           0%         N/A       78%         3
 Hailstorm                Conj/Ice       0%         3d3       78%         3
 Teleport Other           Tloc           0%         N/A       78%         3
 Leda's Liquefaction      Hex/Erth       0%         N/A       99%         4
 Summon Ice Beast         Ice/Summ       0%         N/A       99%         4
 Lee's Rapid Deconstruct  Erth           0%         3d4*      100%        5
 Dispersal                Tloc           0%         N/A       100%        6
 Leda's Unmaking          Conj/Erth      0%         9d1       100%        6
 Simulacrum               Ice/Necr       0%         N/A       100%        6


Dungeon Overview and Level Annotations

Branches:
Dungeon (8/15)             Temple (0/1) D:7
   Lair: D:8-11

Altars:
Ru
Trog
Vehumet
Wu Jian
Xom
Zin
The Shining One

Shops:
D:2 *   D:3 *

Annotations:
D:5 3 runed translucent doors, bahustanut's ghost, novice DjHW
D:7 1 runed translucent door, Gadrel's ghost, novice DgSh


Message History

The gnoll attacks as it pursues you! The gnoll closely misses you.
The gnoll attacks as it pursues you! You block the gnoll's attack.
The gnoll hits you with a +0 whip.
* * * LOW HITPOINT WARNING * * *
The gnoll attacks as it pursues you! The gnoll closely misses you.
The gnoll attacks as it pursues you! You block the gnoll's attack.
The gnoll closely misses you.
The gnoll sergeant zaps a wand.
You turn into a sentient fungus.
Your +0 war axe melds into your body.
Your +1 pair of gloves melds into your body.
Your +0 buckler melds into your body.
Your +0 scale mail melds into your body.
You're too terrified to move while being watched!
You're too terrified to move while being watched!
You're too terrified to move while being watched!
You're too terrified to move while being watched!
You're too terrified to move while being watched!
You're too terrified to move while being watched!
You are too injured to fight recklessly!
The gnoll sergeant completely misses you.
The gnoll sergeant barely misses you. The gnoll sergeant barely misses you.
The gnoll sergeant barely misses you. The two-headed ogre closely misses you.
The two-headed ogre completely misses you.
The gnoll sergeant hits you but does no damage.
You're too terrified to move while being watched!
The two-headed ogre completely misses you.
The two-headed ogre barely misses you. The gnoll sergeant misses you.
The gnoll sergeant hits you but does no damage.
The two-headed ogre barely misses you. The two-headed ogre misses you.
The gnoll sergeant hits you but does no damage.
The two-headed ogre misses you. The two-headed ogre closely misses you.
The gnoll sergeant completely misses you.
The gnoll sergeant misses you. The two-headed ogre closely misses you.
The two-headed ogre hits you with a +0 giant club!!
* * * LOW HITPOINT WARNING * * *
The gnoll sergeant hits you but does no damage.
Your transformation is almost over.
The two-headed ogre hits you with a +0 giant club!!
You die...

#.# #g.. ####.#### #g##
#.O.....# #g.. #.##.##.#
#.#. ######## #.##.##.###...
######......# #g##.g...Ogg#.
#.<....####.# #.#####.######
####.####.#.##.###.#####.# #
##.##.##.......fOgg.......#
#
##.#.#.##.#.#.##.#gg.....###
##
#.###.......####.#..##.#.#
#.
##.#.######......#..##.#.#
#. ##...# ########..#..#.#
#. #.#.# #########..#.##.#
#. #...# #~~~~~~~#..#.##.#
#. ##.#####~~~~~~~##......#
#.
#.....##..~~~~.###..####..
..


You could see a two-headed ogre, a gnoll sergeant and 3 gnolls.

Vanquished Creatures
  Sigmund (D:4)
  A wyvern (D:8)
  4 yaks
  A steam dragon (D:7)
  An acid dragon (D:8)
  2 ice beasts
  A black bear (D:8)
  3 ogres
  A phantom (D:7)
  A kobold brigand (D:8)
  Blork the orc (D:4)
  4 bullfrogs
  3 wights (D:8)
  A killer bee (D:8)
  A jelly (D:3)
  6 hounds
  An orc priest (D:7)
  3 sleepcaps
  5 iguanas
  An orc wizard (D:5)
  Natasha (thrice) (D:2)
  5 gnolls
  7 adders
  2 shadow imps (D:5)
  4 white imps
  An ufetubus (D:6)
  A worm (D:3)
  3 dart slugs
  16 orcs
  3 endoplasms
  A giant cockroach (D:2)
  8 goblins
  10 hobgoblins
  8 jackals
  3 quokkas
  5 ball pythons
  6 bats
  4 frilled lizards
  2 goblin zombies (D:3)
  A hobgoblin zombie (D:3)
  9 kobolds
  2 kobold skeletons (D:3)
  An orc skeleton (D:3)
  2 orc zombies (D:3)
  5 rats
154 creatures vanquished.

Vanquished Creatures (others)
  4 jackals (D:5)
4 creatures vanquished.

Grand Total: 158 creatures vanquished

Notes
Turn   | Place    | Note
-------+----------+-------------------------------------------
     0 | D:1      | randomguy2701 the Hill Orc Fighter began the quest for the
                  | Orb.
     0 | D:1      | Reached XP level 1. HP: 19/19 MP: 1/1
   183 | D:1      | Reached XP level 2. HP: 27/27 MP: 2/2
   290 | D:1      | Reached skill level 3 in Axes
   477 | D:1      | Reached XP level 3. HP: 21/33 MP: 3/3
   780 | D:2      | Found Keeboos's General Store.
   781 | D:2      | Found a faded altar of an unknown god.
   906 | D:2      | Reached XP level 4. HP: 38/41 MP: 4/4
   950 | D:2      | Reached skill level 1 in Dodging
  1022 | D:2      | Reached skill level 4 in Axes
  1371 | D:2      | Noticed Natasha
  1379 | D:2      | Killed Natasha
  1380 | D:2      | Reached XP level 5. HP: 47/47 MP: 5/5
  1604 | D:2      | Noticed Natasha
  1619 | D:2      | Killed Natasha
  1620 | D:2      | Reached skill level 5 in Axes
  1686 | D:2      | Noticed Natasha
  1690 | D:2      | Killed Natasha
  1734 | D:3      | Found a glowing golden altar of the Shining One.
  1812 | D:3      | Found Bojigiz's Assorted Antiques.
  2355 | D:3      | Reached skill level 6 in Axes
  2355 | D:3      | Reached XP level 6. HP: 17/53 MP: 6/6
  3324 | D:4      | Found a radiant altar of Vehumet.
  3324 | D:4      | Noticed Blork the orc
  3334 | D:4      | Killed Blork the orc
  3539 | D:4      | Reached skill level 5 in Fighting
  3539 | D:4      | Reached skill level 7 in Axes
  3679 | D:4      | Noticed Sigmund
  3699 | D:4      | Killed Sigmund
  3700 | D:4      | Reached XP level 7. HP: 8/61 MP: 7/7
  4452 | D:5      | Entered Level 5 of the Dungeon
  4452 | D:5      | Found a runed translucent gate.
  4452 | D:5      | Found a runed translucent gate.
  4452 | D:5      | Found a runed translucent gate.
  4479 | D:5      | Reached skill level 8 in Axes
  4720 | D:5      | Became a worshipper of Beogh the Brigand
  4933 | D:5      | Reached skill level 5 in Armour
  4933 | D:5      | Reached XP level 8. HP: 68/69 MP: 8/8
  5059 | D:5      | Identified the +0 scale mail of Icsisij {rElec rF+ rC-
                  | Int+3}
  5123 | D:5      | Noticed bahustanut's ghost (novice DjHW)
  5165 | D:5      | Found a glowing silver altar of Zin.
  5517 | D:6      | Reached skill level 9 in Axes
  5766 | D:6      | Found a bloodstained altar of Trog.
  6265 | D:7      | Found a staircase to the Ecumenical Temple.
  6265 | D:7      | Noticed a yak
  6278 | D:7      | Killed a yak
  6279 | D:7      | Reached skill level 1 in Stealth
  6305 | D:7      | Noticed a yak
  6306 | D:7      | Noticed a yak
  6306 | D:7      | Noticed a yak
  6334 | D:6      | Killed a yak
  6514 | D:6      | Killed a yak
  6515 | D:6      | Reached skill level 10 in Axes
  6515 | D:6      | Killed a yak
  6516 | D:6      | Reached XP level 9. HP: 40/78 MP: 9/9
  6788 | D:7      | Found a sacrificial altar of Ru.
  6967 | D:7      | Reached * piety under Beogh
  7232 | D:7      | Reached skill level 11 in Axes
  7379 | D:7      | Found a runed translucent door.
  7379 | D:7      | Noticed Gadrel's ghost (novice DgSh)
  7822 | D:8      | Found an ornate altar of the Wu Jian Council.
  7891 | D:8      | Noticed a two-headed ogre
  8312 | D:8      | Found a shimmering altar of Xom.
  8373 | D:8      | Reached skill level 12 in Axes
  8517 | D:8      | Reached ** piety under Beogh
  8585 | D:8      | Demolished by a two-headed ogre

Illustrated notes

Levels and vault maps discovered:
D:1:      sevenhm_arrival_forest_fort_small_6, layout_loops_ring
D:2:      layout_loops_ring, shapermc_ecumenical_altar_starsandcircs,
          serial_shops, shop, uniq_natasha
D:3:      layout_loops_corners, nicolae_tso_besieged_by_evil, serial_aquarium,
          aquarium_bridge_straight [aquarium_subvault_bridge,
          aquarium_subvault_wall, aquarium_subvault_bridge,
          aquarium_subvault_window], aquarium_window_fake, aquarium_window_1,
          aquarium_window_1, aquarium_window_double, aquarium_view_2c,
          aquarium_pool_split, serial_shops, nicolae_shop_tiny_glass
D:4:      layout_basic, nicolae_vehumet_altar_sigil,
          hangedman_abyss_or_decor_passed, kennysheep_generic_room_15,
          uniq_sigmund, uniq_blork_the_orc
D:5:      layout_gridville, zin_treasury, ebering_ghost_rock_garden
D:6:      layout_cave_pods, trog_three_pillars_becter, nicolae_the_louvre
D:7:      layout_loops_ring, nicolae_ru_the_path_less_chosen,
          minmay_temple_entry_stoned_glass, enter_bailey_4,
          gammafunk_ghost_grave
D:8:      layout_loops_cross, nzn_wu_jian_contemplation, xom_butterflies

Skill      XL: |  1  2  3  4  5  6  7  8  9 |
---------------+----------------------------+-----
Fighting       | 4 5 6 7 |  7.3
Axes           | 3 4 6 7 8 10 12 | 12.2
Dodging        | 1 2 |  2.7
Armour         | 4 5 6 7 |  7.9
Shields        | 4 |  4.8
Stealth        | 1 |  1.3

Action                     |  1- 3 |  4- 6 |  7- 9 || total
---------------------------+-------+-------+-------++-------
  Melee: War axe           |    72 |   141 |   202 ||   415
 Invoke: Convert to Beogh  |       |       |     1 ||     1
    Use: Potion            |       |     3 |     4 ||     7
         Scroll            |       |       |     1 ||     1
 Armour: Scale mail        |    53 |    83 |   158 ||   294
         Skin              |       |       |     6 ||     6
  Dodge: Dodged            |    38 |    54 |   118 ||   210
  Block: Buckler           |    21 |    25 |    55 ||   101

Table legend: (Time is in decaauts)
 A = Elapsed time spent in this place.
 B = Non-inter-level travel time spent in this place.
 C = Inter-level travel time spent in this place.
 D = Time resting spent in this place.
 E = Time spent auto-exploring this place.
 F = Levels seen in this place.
 G = Mean time per level.
                   A        B        C        D        E       F      G
               +--------+--------+--------+--------+--------+-----+--------+
         Total |   8675 |   8111 |    564 |      0 |   7021 |   8 | 1084.4 |
       Dungeon |   8675 |   8111 |    564 |      0 |   7021 |   8 | 1084.4 |
               +--------+--------+--------+--------+--------+-----+--------+

Top non-repeatable levels by time:
     D:4: 1543 daAuts
     D:7: 1532 daAuts
     D:3: 1141 daAuts
     D:2: 1051 daAuts
     D:6: 1035 daAuts
     D:5: 989 daAuts
     D:1: 794 daAuts
     D:8: 587 daAuts
